 Dungeon Crawl Stone Soup version 0.21-a0-81-gc5150db (webtiles) character file.

51 KristoblXynda the Twirler (level 3, -10/27 HPs)
             Began as a Demonspawn Gladiator on June 23, 2017.
             Splashed by Ijyb's acid (19 damage)
             ... on level 3 of the Dungeon.
             The game lasted 00:04:05 (1426 turns).

KristoblXynda the Twirler (Demonspawn Gladiator)    Turns: 1426, Time: 00:04:06

Health: -10/27     AC:  3    Str: 14    XL:     3   Next: 58%
Magic:  3/3        EV: 12    Int: 10    God:
Gold:   98         SH:  0    Dex: 14    Spells: 2/2 levels left

rFire    + . .     SeeInvis .   a - +0 quarterstaff
rCold    . . .     Gourm    .   (shield currently unavailable)
rNeg     . . .     Faith    .   v - +0 ring mail
rPois    .         Spirit   .   c - +0 helmet
rElec    .         Reflect  .   (no cloak)
rCorr    .         Harm     .   k - +0 pair of gloves
MR       .....                  (no boots)
Stlth    +.........             (no amulet)
HPRegen  0.09/turn              (no ring)
MPRegen  0.08/turn              (no ring)

@: corroded
A: demonic guardian 1, fire resistance 1
a: no special abilities


You were on level 3 of the Dungeon.
You were hungry.

You visited 1 branch of the dungeon, and saw 3 of its levels.

You collected 98 gold pieces.

Inventory:

Hand Weapons
 a - a +0 quarterstaff (weapon)
 z - a +6 club
Missiles
 d - 3 throwing nets
 h - 6 poisoned javelins (quivered)
Armour
 c - a +0 helmet (worn)
 k - a +0 pair of gloves (worn)
 v - a +0 ring mail (worn)
Wands
 y - a wand of digging (14/24)
Scrolls
 e - a scroll of amnesia {unknown}
 i - 2 scrolls of identify {unknown}
 j - 2 scrolls of remove curse {unknown}
 m - a scroll of fog {unknown}
 r - a scroll of immolation {unknown}
 s - a scroll of enchant weapon {unknown}
 x - a scroll of blinking {unknown}
 A - 2 scrolls of noise {unknown}
Potions
 b - a potion of invisibility {unknown}
 g - a potion of lignification {unknown}
 l - a potion of haste {unknown}
 o - 4 potions of curing {unknown}
 q - 2 potions of magic {unknown}
 t - a potion of cancellation {unknown}
 u - a potion of agility {unknown}
 w - 3 potions of brilliance {unknown}
Comestibles
 f - 2 bread rations
 n - 2 meat rations
 p - 2 fruits


   Skills:
 - Level 2.0 Fighting
 + Level 3.6 Staves
 - Level 1.7 Throwing
 + Level 1.2 Armour
 - Level 3.0 Dodging


You had 2 spell levels left.
You didn't know any spells.

Dungeon Overview and Level Annotations

Branches:
Dungeon (3/15)

Altars:

Annotations:
D:3 Ijyb


Innate Abilities, Weirdness & Mutations

A weak demonic guardian rushes to your aid.
Your flesh is heat resistant. (rF+)


Message History

The bat misses you. The bat barely misses you.
Found a bubbling red potion.
A bat is nearby!
You completely miss the bat. The bat hits you but does no damage.
You closely miss the bat. The bat misses you.
Ijyb the Twisted Goblin comes into view.
She is wielding a club.
Ijyb shouts!
The bat closely misses you.
You hit the bat.
The bat is moderately wounded.
The bat closely misses you. The bat hits your shadow imp.
The bat hits you but does no damage.
An adder comes into view.
You sock the bat!
You kill the bat!
You swap places.
Ijyb zaps a wand.
The bolt of acid hits you!
Ouch! That really hurt!
The acid corrodes you!
You are splashed with acid!
The acid burns!
Ouch! That really hurt!
You die...

# ###.# # .... #
#... # #.S. #
#.g########### #
#..#.........# #
#..#.........# #
##.@#.........# #
#..5#.........# #
#.#...........######
#.###...............
# #.....[....#####
#..........#
#..........#
#####.####.# #.# #.#


You could see Ijyb, an adder and a friendly shadow imp.

Vanquished Creatures
  A worm (D:2)
  An orc (D:3)
  4 giant cockroaches
  5 goblins
  3 hobgoblins
  2 kobolds
  A quokka (D:2)
  3 bats
  8 frilled lizards
  2 rats (D:2)
30 creatures vanquished.

Vanquished Creatures (collateral kills)
  Jessica (D:3)
1 creature vanquished.

Grand Total: 31 creatures vanquished

Notes
Turn   | Place    | Note
-------+----------+-------------------------------------------
     0 | D:1      | KristoblXynda the Demonspawn Gladiator began the quest for the Orb.
     0 | D:1      | Reached XP level 1. HP: 16/16 MP: 1/1
   241 | D:1      | Gained mutation: Your flesh is heat resistant. (rF+) [demonic ancestry]
   241 | D:1      | Reached XP level 2. HP: 22/22 MP: 2/2
  1173 | D:2      | Gained mutation: A weak demonic guardian rushes to your aid. [demonic ancestry]
  1173 | D:2      | Reached XP level 3. HP: 22/27 MP: 3/3
  1377 | D:3      | Noticed Jessica
  1381 | D:3      | Killed Jessica
  1381 | D:3      | Reached skill level 1 in Armour
  1423 | D:3      | Noticed Ijyb
  1426 | D:3      | Splashed by Ijyb's acid

Vault maps used:
D:1:      lightli_iron_boxes
D:2:      hangedman_decor_growths
D:3:      minmay_misc_feat_chi, minmay_misc_feat_columns, uniq_ijyb,
          uniq_jessica

Skill      XL: |  1  2  3 |
---------------+----------+-----
Dodging        | 3 |  3.0
Staves         | 3 |  3.6
Armour         | 1 |  1.2
Fighting       | |  2.0
Throwing       | |  1.7

Action                   || total
-------------------------++-------
Melee: Quarterstaff      ||    93
 Stab: Sleeping          ||     1
  Eat: Chunk             ||     1
Armor: Leather armour    ||    11
       Ring mail         ||    20
Dodge: Dodged            ||    59
